| TOP OF THE 1ST |
|
Medicine Hat Blue Jays batting - Pitching for Billings Mustangs : LHP Salomé Plcido
|
|
Pitching: LHP Salomé Plcido
|
|
|
Batting: RHB Burt Milley
|
0-0: Ball 1-0: Foul Ball, location: 2F 1-1: Ball 2-1: Fly out, F7 (Flyball, 78S, EV 91.3 MPH)
|
|
Batting: LHB Alberto Chino
|
0-0: Ball 1-0: Foul Ball, location: 2F 1-1: Called Strike 1-2: Fly out, F9 (Flyball, 9LD, EV 81.3 MPH)
|
|
Batting: RHB Greg Legg
|
0-0: Ball 1-0: Ball 2-0: Foul Ball, location: 2F 2-1: Ball 3-1: Base on Balls
|
|
Batting: LHB Jose Gomez
|
0-0: Ball 1-0: Called Strike 1-1: Foul Ball, location: 2F 1-2: Ball 2-2: Ball 3-2: Strikes out swinging
|
| Top of the 1st over - 0 runs, 0 hits, 0 errors, 1 left on base; Medicine Hat 0 - Billings 0 |
| BOTTOM OF THE 1ST |
|
Billings Mustangs batting - Pitching for Medicine Hat Blue Jays : RHP Erol Akchurin
|
|
Pitching: RHP Erol Akchurin
|
|
|
Batting: SHB Terrence Derby
|
0-0: Called Strike 0-1: Called Strike 0-2: Ball 1-2: Ball 2-2: Ball 3-2: Foul Ball, location: 2F 3-2: Foul Ball, location: 2F 3-2: Foul Ball, location: 2F 3-2: Foul Ball, location: 2F 3-2: Strikes out swinging
|
|
Batting: RHB Joseph Kramer
|
0-0: Ball 1-0: Ground out 6-3 (Groundball, 6MD, EV 80.6 MPH)
|
|
Batting: LHB Dave Verkuilen
|
0-0: Swinging Strike 0-1: Fly out, F8 (Line Drive, 8RD, EV 96.3 MPH)
|
| Bottom of the 1st over - 0 runs, 0 hits, 0 errors, 0 left on base; Medicine Hat 0 - Billings 0 |
| TOP OF THE 2ND |
|
Medicine Hat Blue Jays batting - Pitching for Billings Mustangs : LHP Salomé Plcido
|
|
Batting: RHB Carlos Ponce
|
0-0: Ball 1-0: Called Strike 1-1: DOUBLE (Flyball, 89D, EV 102.5 MPH)
|
|
Batting: RHB Elias Corona
|
0-0: Ground out 6-3 (Groundball, 6, EV 100.0 MPH)
|
|
Batting: RHB Terence Shoebridge
|
0-0: Ball 1-0: Ball 2-0: Called Strike Carlos Ponce steals 3rd base 2-1: Ball 3-1: Swinging Strike 3-2: Ground out U3 (Groundball, 3S, EV 85.0 MPH)
|
|
Batting: SHB Cordie Dillard
|
0-0: Called Strike 0-1: Called Strike 0-2: Ball 1-2: Foul Ball, location: 2F 1-2: Foul Ball, location: 2F 1-2: Ball 2-2: Fly out, F8 (Flyball, 8LD, EV 95.0 MPH)
|
| Top of the 2nd over - 0 runs, 1 hit, 0 errors, 1 left on base; Medicine Hat 0 - Billings 0 |
| BOTTOM OF THE 2ND |
|
Billings Mustangs batting - Pitching for Medicine Hat Blue Jays : RHP Erol Akchurin
|
|
Batting: RHB James Hudson
|
0-0: Ball 1-0: Swinging Strike 1-1: Swinging Strike 1-2: Foul Ball, location: 2F 1-2: Foul Ball, location: 2F 1-2: Foul Ball, location: 2F 1-2: Foul Ball, location: 2F 1-2: Ball 2-2: Ground out 4-3 (Groundball, 4M, EV 86.9 MPH)
|
|
Batting: RHB Timothy Smith
|
0-0: Ball 1-0: Foul Ball, location: 2F 1-1: Foul Ball, location: 2F 1-2: Reached on error, E5 (Groundball, 5S, EV 78.8 MPH)
|
|
Batting: RHB Bob Berry
|
0-0: Ball 1-0: Ball 2-0: Ball 3-0: Called Strike 3-1: Base on Balls
|
|
Batting: RHB Randy Day
|
0-0: Ball 1-0: Foul Ball, location: 2F 1-1: Fly out, F2 (Popup, 23F, EV 79.4 MPH)
|
|
Batting: RHB Leonidas Nolasco
|
0-0: Called Strike 0-1: Swinging Strike 0-2: Strikes out looking
|
| Bottom of the 2nd over - 0 runs, 0 hits, 1 error, 2 left on base; Medicine Hat 0 - Billings 0 |
| TOP OF THE 3RD |
|
Medicine Hat Blue Jays batting - Pitching for Billings Mustangs : LHP Salomé Plcido
|
|
Batting: LHB Randall Curtis
|
0-0: Foul Ball, location: 2F 0-1: Ball 1-1: Foul Ball, location: 2F 1-2: Ground out 6-3 (Groundball, 4MS, EV 90.0 MPH)
|
|
Batting: RHB Burt Milley
|
0-0: Ball 1-0: Ball 2-0: Ball 3-0: Called Strike 3-1: Base on Balls
|
|
Batting: LHB Alberto Chino
|
0-0: Ball 1-0: Foul Ball, location: 2F 1-1: Called Strike 1-2: Foul Ball, location: 2F 1-2: Foul Ball, location: 2F 1-2: TRIPLE (Line Drive, 9LD, EV 98.8 MPH) Burt Milley scores
|
|
Batting: RHB Greg Legg
|
0-0: SINGLE (Groundball, 6M, EV 85.6 MPH) (infield hit) Alberto Chino scores
|
|
Batting: LHB Jose Gomez
|
0-0: Ball 1-0: Ball 2-0: Ball 3-0: Base on Balls Greg Legg to second
|
|
Batting: RHB Carlos Ponce
|
0-0: Called Strike 0-1: Called Strike 0-2: Ball 1-2: Ball 2-2: Foul Ball, location: 2F 2-2: Reached on error, E6 (Groundball, 6M, EV 78.8 MPH) Greg Legg to third Jose Gomez to second
|
|
Batting: RHB Elias Corona
|
0-0: Called Strike 0-1: Ball 1-1: DOUBLE (Groundball, 5L, EV 104.4 MPH) Greg Legg scores Jose Gomez scores Carlos Ponce to third Runner from 3rd tries for Home, SAFE, throw by LF to home
|
|
Batting: RHB Terence Shoebridge
|
0-0: Ball 1-0: Ball 2-0: Called Strike 2-1: Reached on error, E4 (Groundball, 4, EV 98.8 MPH) Elias Corona to third
|
|
Batting: SHB Cordie Dillard
|
0-0: Foul Ball, location: 2F 0-1: Swinging Strike 0-2: Grounds into double play, 6-4-3 (Groundball, 6, EV 86.9 MPH)
|
| Top of the 3rd over - 5 runs, 3 hits, 2 errors, 1 left on base; Medicine Hat 5 - Billings 0 |
| BOTTOM OF THE 3RD |
|
Billings Mustangs batting - Pitching for Medicine Hat Blue Jays : RHP Erol Akchurin
|
|
Batting: RHB Eric Halberg
|
0-0: Ball 1-0: Ball 2-0: Swinging Strike 2-1: Called Strike 2-2: Foul Ball, location: 2F 2-2: Foul Ball, location: 2F 2-2: Foul Ball, location: 2F 2-2: Ball 3-2: Strikes out swinging
|
|
Batting: SHB Terrence Derby
|
0-0: Ball 1-0: Ball 2-0: Ball 3-0: Base on Balls
|
|
Batting: RHB Joseph Kramer
|
0-0: Foul Ball, location: 2F 0-1: Ball 1-1: Ball 2-1: Ball 3-1: Called Strike 3-2: Fly out, F8 (Flyball, 8LXD, EV 108.8 MPH)
|
|
Batting: LHB Dave Verkuilen
|
0-0: Called Strike Terrence Derby steals 2nd base 0-1: Ground out U3 (Groundball, 3, EV 81.3 MPH)
|
| Bottom of the 3rd over - 0 runs, 0 hits, 0 errors, 1 left on base; Medicine Hat 5 - Billings 0 |
| TOP OF THE 4TH |
|
Medicine Hat Blue Jays batting - Pitching for Billings Mustangs : LHP Salomé Plcido
|
|
Batting: LHB Randall Curtis
|
0-0: Called Strike 0-1: Ball 1-1: Swinging Strike 1-2: Ground out 4-3 (Groundball, 4, EV 78.8 MPH)
|
|
Batting: RHB Burt Milley
|
0-0: SINGLE (Line Drive, 5D, EV 99.4 MPH)
|
|
Batting: LHB Alberto Chino
|
0-0: Ball 1-0: Reached on error, E3 (Groundball, 3, EV 87.5 MPH) Burt Milley to second
|
|
Batting: RHB Greg Legg
|
0-0: Foul Ball, location: 2F 0-1: Fielders Choice at 2nd, 6-4 (Groundball, 56, EV 85.0 MPH) Burt Milley to third
|
|
Batting: LHB Jose Gomez
|
0-0: Ball 1-0: Called Strike 1-1: TRIPLE (Flyball, 9LD, EV 102.5 MPH) Burt Milley scores Greg Legg scores
|
|
Batting: RHB Carlos Ponce
|
0-0: Ground out 6-3 (Groundball, 6M, EV 102.5 MPH)
|
| Top of the 4th over - 2 runs, 2 hits, 1 error, 1 left on base; Medicine Hat 7 - Billings 0 |
| BOTTOM OF THE 4TH |
|
Billings Mustangs batting - Pitching for Medicine Hat Blue Jays : RHP Erol Akchurin
|
|
Batting: RHB James Hudson
|
0-0: Fly out, F9 (Flyball, 89S, EV 89.4 MPH)
|
|
Batting: RHB Timothy Smith
|
0-0: Called Strike 0-1: Foul Ball, location: 2F 0-2: Ball 1-2: Ball 2-2: Ball 3-2: Ground out 4-3 (Groundball, 34, EV 92.5 MPH)
|
|
Batting: RHB Bob Berry
|
0-0: SINGLE (Line Drive, 6M, EV 101.3 MPH)
|
|
Batting: RHB Randy Day
|
0-0: Ball 1-0: Called Strike 1-1: Called Strike 1-2: Foul Ball, location: 2F 1-2: Fly out, F9 (Flyball, 9S, EV 81.3 MPH)
|
| Bottom of the 4th over - 0 runs, 1 hit, 0 errors, 1 left on base; Medicine Hat 7 - Billings 0 |
| TOP OF THE 5TH |
|
Medicine Hat Blue Jays batting - Pitching for Billings Mustangs : LHP Salomé Plcido
|
|
Batting: RHB Elias Corona
|
0-0: Ball 1-0: Called Strike 1-1: SINGLE (Groundball, 6MD, EV 103.8 MPH)
|
|
Pitching: RHP Jim Hickey
|
|
|
Batting: RHB Terence Shoebridge
|
0-0: Ball 1-0: DOUBLE (Flyball, 8RXD, EV 106.9 MPH) Elias Corona to third
|
|
Batting: SHB Cordie Dillard
|
0-0: Ball 1-0: Ball 2-0: Ground out 4-3 (Groundball, 4, EV 102.5 MPH) Elias Corona scores Terence Shoebridge to third
|
|
Batting: LHB Randall Curtis
|
0-0: Ball 1-0: Ball 2-0: Called Strike 2-1: Swinging Strike 2-2: Reached on error, E6 (Groundball, 6, EV 79.4 MPH) Terence Shoebridge scores
|
|
Batting: RHB Burt Milley
|
0-0: Fly out, F7 (Line Drive, 7, EV 93.1 MPH)
|
|
Batting: LHB Alberto Chino
|
0-0: DOUBLE (Flyball, 78D, EV 98.8 MPH) Randall Curtis to third Runner from 3rd tries for Home, SAFE, throw by CF to trailing runner, SAFE at third!
|
|
Batting: RHB Greg Legg
|
0-0: Swinging Strike 0-1: Ball 1-1: Foul Ball, location: 2F 1-2: Ball 2-2: Ball 3-2: Base on Balls
|
|
Batting: LHB Jose Gomez
|
0-0: Called Strike 0-1: Swinging Strike 0-2: Fly out, F3 (Popup, 23F, EV 86.3 MPH)
|
| Top of the 5th over - 3 runs, 3 hits, 1 error, 2 left on base; Medicine Hat 10 - Billings 0 |
| BOTTOM OF THE 5TH |
|
Billings Mustangs batting - Pitching for Medicine Hat Blue Jays : RHP Erol Akchurin
|
|
Batting: RHB Leonidas Nolasco
|
0-0: SINGLE (Groundball, 4MD, EV 104.4 MPH)
|
|
Batting: RHB Eric Halberg
|
0-0: Called Strike 0-1: Ball 1-1: Ball 2-1: Swinging Strike 2-2: Strikes out looking
|
|
Batting: SHB Terrence Derby
|
0-0: Called Strike 0-1: Called Strike Leonidas Nolasco steals 2nd, throwing error, E2 Leonidas Nolasco to third 0-2: Ball 1-2: Ball 2-2: Ball 3-2: Foul Ball, location: 2F 3-2: Base on Balls
|
|
Batting: RHB Joseph Kramer
|
0-0: Ball 1-0: Ball 2-0: Ball 3-0: Base on Balls Terrence Derby to second
|
|
Batting: LHB Dave Verkuilen
|
0-0: Swinging Strike 0-1: Ball 1-1: Foul Ball, location: 2F 1-2: Ball 2-2: Foul Ball, location: 2F 2-2: Fly out, F5 (Line Drive, 5, EV 63.8 MPH)
|
|
Batting: RHB James Hudson
|
0-0: Ball 1-0: Foul Ball, location: 2F 1-1: Ball 2-1: Ball 3-1: Foul Ball, location: 2F 3-2: Ground out 6-3 (Groundball, 6, EV 95.6 MPH)
|
| Bottom of the 5th over - 0 runs, 1 hit, 1 error, 3 left on base; Medicine Hat 10 - Billings 0 |
| TOP OF THE 6TH |
|
Medicine Hat Blue Jays batting - Pitching for Billings Mustangs : RHP Jim Hickey
|
|
Batting: RHB Carlos Ponce
|
0-0: Ball 1-0: Ball 2-0: Ground out 5-3 (Groundball, 56S, EV 71.3 MPH)
|
|
Batting: RHB Elias Corona
|
0-0: Fly out, F7 (Flyball, 78D, EV 92.5 MPH)
|
|
Batting: RHB Terence Shoebridge
|
0-0: Swinging Strike 0-1: Ball 1-1: Ball 2-1: Ground out 6-3 (Groundball, 6, EV 78.8 MPH)
|
| Top of the 6th over - 0 runs, 0 hits, 0 errors, 0 left on base; Medicine Hat 10 - Billings 0 |
| BOTTOM OF THE 6TH |
|
Billings Mustangs batting - Pitching for Medicine Hat Blue Jays : RHP Erol Akchurin
|
|
Batting: RHB Timothy Smith
|
0-0: Ball 1-0: Ball 2-0: Called Strike 2-1: Ball 3-1: Base on Balls
|
|
Batting: RHB Bob Berry
|
0-0: Ball 1-0: Ball 2-0: Grounds into double play, 6-4-3 (Groundball, 6, EV 104.4 MPH)
|
|
Batting: RHB Randy Day
|
0-0: Called Strike 0-1: Ball 1-1: Ball 2-1: DOUBLE (Line Drive, 9LS, EV 103.8 MPH)
|
|
Batting: RHB Leonidas Nolasco
|
0-0: Fly out, F4 (Popup, 4S, EV 70.6 MPH)
|
| Bottom of the 6th over - 0 runs, 1 hit, 0 errors, 1 left on base; Medicine Hat 10 - Billings 0 |
| TOP OF THE 7TH |
|
Medicine Hat Blue Jays batting - Pitching for Billings Mustangs : RHP Jim Hickey
|
|
Batting: SHB Cordie Dillard
|
0-0: Ball 1-0: Foul Ball, location: 2F 1-1: Ball 2-1: Ground out U3 (Groundball, 34S, EV 63.8 MPH)
|
|
Batting: LHB Randall Curtis
|
0-0: Called Strike 0-1: Ball 1-1: Ball 2-1: Foul Ball, location: 2F 2-2: Foul Ball, location: 2F 2-2: Ball 3-2: SINGLE (Groundball, 4MD, EV 94.4 MPH)
|
|
Batting: RHB Burt Milley
|
0-0: Called Strike 0-1: Foul Ball, location: 2F 0-2: Ball 1-2: Foul Ball, location: 2F 1-2: Grounds into double play, 4-6-3 (Groundball, 4, EV 89.4 MPH)
|
| Top of the 7th over - 0 runs, 1 hit, 0 errors, 0 left on base; Medicine Hat 10 - Billings 0 |
| BOTTOM OF THE 7TH |
|
Billings Mustangs batting - Pitching for Medicine Hat Blue Jays : RHP Erol Akchurin
|
|
Batting: RHB Eric Halberg
|
0-0: Called Strike 0-1: Ball 1-1: Fly out, F9 (Flyball, 9S, EV 85.0 MPH)
|
|
Pinch Hitting: RHB Gordon Eakin
|
0-0: Called Strike 0-1: Ball 1-1: Called Strike 1-2: Fly out, F8 (Flyball, 89D, EV 100.0 MPH)
|
|
Pinch Hitting: RHB Russell Pedersen
|
0-0: Ball 1-0: Ball 2-0: Called Strike 2-1: Swinging Strike 2-2: SINGLE (Groundball, 25, EV 65.6 MPH) (infield hit)
|
|
Pitching: RHP Mark Adams
|
|
|
Pinch Hitting: RHB Tim Kubacki
|
0-0: Fielders Choice at 2nd, 5-4 (Groundball, 56, EV 86.9 MPH)
|
| Bottom of the 7th over - 0 runs, 1 hit, 0 errors, 1 left on base; Medicine Hat 10 - Billings 0 |
| TOP OF THE 8TH |
|
Medicine Hat Blue Jays batting - Pitching for Billings Mustangs : RHP Jim Hickey
|
|
Now at 2B: Gordon Eakin
|
|
|
Now at SS: Tim Kubacki
|
|
|
Now in CF: Russell Pedersen
|
|
|
Batting: LHB Alberto Chino
|
0-0: Ball 1-0: Called Strike 1-1: Fly out, F6 (Popup, 6MS, EV 68.1 MPH)
|
|
Batting: RHB Greg Legg
|
0-0: Ball 1-0: Ball 2-0: Called Strike 2-1: Ground out 2-3 (Groundball, 15S, EV 68.8 MPH)
|
|
Batting: LHB Jose Gomez
|
0-0: DOUBLE (Flyball, 78XD, EV 97.5 MPH)
|
|
Batting: RHB Carlos Ponce
|
0-0: Ball 1-0: Ball 2-0: Called Strike 2-1: SINGLE (Groundball, 6M, EV 98.8 MPH) (infield hit) Jose Gomez to third
|
|
Batting: RHB Elias Corona
|
0-0: Ball 1-0: Ball 2-0: Fly out, F9 (Flyball, 9S, EV 80.0 MPH)
|
| Top of the 8th over - 0 runs, 2 hits, 0 errors, 2 left on base; Medicine Hat 10 - Billings 0 |
| BOTTOM OF THE 8TH |
|
Billings Mustangs batting - Pitching for Medicine Hat Blue Jays : RHP Mark Adams
|
|
Batting: RHB James Hudson
|
0-0: Ball 1-0: Foul Ball, location: 2F 1-1: SINGLE (Groundball, 34D, EV 110.6 MPH)
|
|
Batting: RHB Timothy Smith
|
0-0: Called Strike 0-1: Ball 1-1: Foul Ball, location: 2F 1-2: Ball 2-2: Fly out, F8 (Flyball, 78M, EV 90.6 MPH)
|
|
Pinch Hitting: RHB Larry Simcox
|
0-0: Called Strike 0-1: Fly out, F8 (Line Drive, 8LD, EV 100.6 MPH)
|
|
Pinch Hitting: RHB Thomas Bocock
|
0-0: Ball 1-0: Fielders Choice at 2nd, 6-4 (Groundball, 6, EV 89.4 MPH)
|
| Bottom of the 8th over - 0 runs, 1 hit, 0 errors, 1 left on base; Medicine Hat 10 - Billings 0 |
| TOP OF THE 9TH |
|
Medicine Hat Blue Jays batting - Pitching for Billings Mustangs : RHP Jim Hickey
|
|
Now at 2B: Vaughn Hempfield
|
|
|
Now at 3B: Thomas Bocock
|
|
|
Batting: RHB Terence Shoebridge
|
0-0: Ball 1-0: SOLO HOME RUN (Flyball, 7D, EV 99.4 MPH), Distance : 363 ft
|
|
Pitching: RHP Donald Hayford
|
|
|
Batting: SHB Cordie Dillard
|
0-0: Ball 1-0: Fly out, F8 (Flyball, 8RXD, EV 107.5 MPH)
|
|
Batting: LHB Randall Curtis
|
0-0: Ball 1-0: Ball 2-0: Called Strike 2-1: Foul Ball, location: 2F 2-2: Strikes out looking
|
|
Batting: RHB Burt Milley
|
0-0: Ground out 6-3 (Groundball, 4M, EV 101.3 MPH)
|
| Top of the 9th over - 1 run, 1 hit, 0 errors, 0 left on base; Medicine Hat 11 - Billings 0 |
| BOTTOM OF THE 9TH |
|
Billings Mustangs batting - Pitching for Medicine Hat Blue Jays : RHP Mark Adams
|
|
Batting: RHB Leonidas Nolasco
|
0-0: SINGLE (Groundball, 13, EV 90.6 MPH) (infield hit)
|
|
Pinch Hitting: RHB Joel Chavous
|
0-0: Called Strike 0-1: Ball 1-1: Ball 2-1: Foul Ball, location: 2F 2-2: Foul Ball, location: 2F 2-2: Ball 3-2: Foul Ball, location: 2F 3-2: Fly out, F9 (Flyball, 89D, EV 95.0 MPH)
|
|
Pinch Hitting: RHB Frank Cruz
|
0-0: Called Strike 0-1: Called Strike 0-2: Grounds into double play, 5-4-3 (Groundball, 56, EV 76.3 MPH)
|
| Bottom of the 9th over - 0 runs, 1 hit, 0 errors, 0 left on base; Medicine Hat 11 - Billings 0 |
|